 Dungeon Crawl Stone Soup version 0.25.0-26-g0c896c7088 (webtiles) character file.

Game seed: 14163421041762679608

165 MisterFreud the Insei (level 5, 0/41 HPs)
             Began as a Demonspawn Abyssal Knight on July 5, 2020.
             Was a Believer of Lugonu.
             Slain by a water moccasin (7 damage)
             ... on level 4 of the Dungeon.
             The game lasted 00:05:01 (4215 turns).

MisterFreud the Insei (Demonspawn Abyssal Knight)   Turns: 4215, Time: 00:05:01

Health: 0/41       AC:  3    Str: 12    XL:     5   Next: 21%
Magic:  6/6        EV: 11    Int: 14    God:    Lugonu [**....]
Gold:   146        SH:  0    Dex: 13    Spells: 4/4 levels left

rFire    + . .     SeeInvis .     - Unarmed
rCold    . . .     Gourm    .   (no shield)
rNeg     + . .     Faith    .   a - +0 leather armour
rPois    .         Spirit   .   (no helmet)
rElec    .         Reflect  .   (no cloak)
rCorr    .         Harm     .   (no gloves)
MR       .....                  (no boots)
Stlth    +.........             (no amulet)
HPRegen  0.13/turn              g - ring of positive energy
MPRegen  0.10/turn              f - ring of protection from fire

@: no status effects
A: claws 2, demonic guardian 1
a: Depart the Abyss, Bend Space, Renounce Religion


You were on level 4 of the Dungeon.
You worshipped Lugonu.
Lugonu was pleased with you.
You were hungry.

You visited 1 branch of the dungeon, and saw 4 of its levels.
You visited the Abyss 1 time.
You also visited: Sewer.

You collected 146 gold pieces.

Inventory:

Missiles
 r - 39 poisoned darts (quivered)
Armour
 a - a +0 leather armour (worn)
 v - a +0 buckler
Jewellery
 f - a ring of protection from fire (right claw)
 g - a ring of positive energy (left claw)
 i - an uncursed ring of flight
 k - an uncursed ring of positive energy
Wands
 s - a wand of iceblast (5)
Scrolls
 c - a scroll of enchant weapon {unknown}
 d - a scroll of identify {unknown}
 h - 2 scrolls of enchant armour {unknown}
 m - 2 scrolls of remove curse {unknown}
 n - a scroll of fog {unknown}
 q - 3 scrolls of teleportation {unknown}
 t - a scroll of fear {unknown}
 u - a scroll of magic mapping {unknown}
Potions
 e - a potion of magic {unknown}
 j - 2 potions of lignification {unknown}
 l - 3 potions of curing
 o - 2 potions of heal wounds {unknown}
 p - 2 potions of cancellation {unknown}
 w - 3 potions of flight {unknown}
Comestibles
 b - 6 rations


   Skills:
 - Level 3.0 Fighting
 - Level 1.7 Armour
 - Level 0.8 Dodging
 + Level 5.0 Unarmed Combat
 - Level 2.4 Invocations


You had 4 spell levels left.
You didn't know any spells.
Your spell library was empty.

Dungeon Overview and Level Annotations

Branches:
Dungeon (4/15)              Sewer (visited)
 Temple: D:4-7

Altars:


Innate Abilities, Weirdness & Mutations

You have very sharp fingernails.
A weak demonic guardian rushes to your aid.


Message History

* * * LOW HITPOINT WARNING * * *
You feel sick. The water moccasin barely misses you.
Unknown command.
It was a potion of curing.
You feel better. The water moccasin bites you!
* * * LOW HITPOINT WARNING * * *
You closely miss the water moccasin.
The water moccasin is almost dead.
The water moccasin closely misses you.
You feel better.
The water moccasin bites you but does no damage.
The water moccasin bites you.
* * * LOW HITPOINT WARNING * * *
You closely miss the water moccasin.
The water moccasin is almost dead.
The water moccasin bites you.
* * * LOW HITPOINT WARNING * * *
You miss the water moccasin.
The water moccasin is almost dead.
The water moccasin bites you!
You die...

#########
############........
.............#######
############.# ###
#.###.### #....@S.#
#.#####.# #.# #.#
#.# #.. #.# ..# #.##
... #.# #.# ..# #..
.!# .. .## .


You could see a water moccasin.

Vanquished Creatures
  A big kobold (Sewer)
  3 adders
  2 river rats
  4 worms
  2 orcs (D:3)
  A ball python (D:1)
  3 giant cockroaches
  A goblin (D:3)
  4 hobgoblins
  4 jackals
  7 kobolds
  A quokka (D:2)
  8 bats
  3 frilled lizards
  14 rats
58 creatures vanquished.

Notes
Turn   | Place    | Note
-------+----------+-------------------------------------------
     0 | Abyss:1  | MisterFreud the Demonspawn Abyssal Knight began the quest
                  | for the Orb.
     0 | Abyss:1  | Reached XP level 1. HP: 18/18 MP: 2/2
    36 | Abyss:1  | Noticed a freezing wraith
    49 | Abyss:1  | Noticed a small abomination
    49 | Abyss:1  | Noticed a large abomination
    50 | D:1      | Escaped the Abyss
   163 | D:1      | Reached skill level 2 in Unarmed Combat
   234 | D:1      | Reached * piety under Lugonu
   234 | D:1      | Gained mutation: A weak demonic guardian rushes to your
                  | aid. [demonic ancestry]
   234 | D:1      | Reached XP level 2. HP: 24/24 MP: 3/3
   860 | D:2      | Reached skill level 3 in Unarmed Combat
  1022 | D:2      | Gained mutation: You have sharp fingernails. [demonic
                  | ancestry]
  1022 | D:2      | Reached XP level 3. HP: 27/29 MP: 4/4
  2611 | D:3      | Reached skill level 4 in Unarmed Combat
  2611 | D:3      | Gained mutation: You have very sharp fingernails. [demonic
                  | ancestry]
  2611 | D:3      | Reached XP level 4. HP: 22/35 MP: 5/5
  2861 | D:3      | Found a glowing drain.
  2870 | Sewer    | Entered a sewer
  3078 | Sewer    | Noticed a big kobold
  3098 | Sewer    | Reached ** piety under Lugonu
  3263 | Sewer    | Killed a big kobold
  3263 | Sewer    | Reached XP level 5. HP: 23/41 MP: 6/6
  3419 | Sewer    | Found a white marble altar of Elyvilon.
  3600 | D:3      | Reached skill level 5 in Unarmed Combat
  4199 | D:4      | Noticed a water moccasin
  4215 | D:4      | Slain by a water moccasin

Illustrated notes

Levels and vault maps discovered:
D:1:      sevenhm_arrival_forest_fort_small_6, layout_basic,
          minmay_close_crescents
D:2:      layout_loops_ring
D:3:      layout_basic, serial_bayou, serial_bayou_pond_c, serial_bayou_pond_d,
          serial_bayou_pond_c, serial_bayou_pond_a, serial_bayou_lake_a,
          cheibrodos_sewer_entry_sluice
D:4:      layout_loops_ring, minmay_temple_entry_purple_smoke, first_ration,
          uniq_pikel

Skill      XL: |  1  2  3  4  5 |
---------------+----------------+-----
Unarmed Combat | 2 3 4 5 |  5.0
Fighting       | |  3.0
Armour         | |  1.7
Dodging        | |  0.8
Invocations    | |  2.4

Action                   |  1- 3 |  4- 6 || total
-------------------------+-------+-------++-------
Melee: Unarmed           |   158 |    69 ||   227
       Punch             |     1 |     2 ||     3
Invok: Depart the Abyss  |     1 |       ||     1
  Use: Potion            |       |     2 ||     2
 Stab: Distracted        |       |     1 ||     1
  Eat: Chunk             |     3 |       ||     3
       Ration            |     1 |     1 ||     2
Armor: Leather armour    |    42 |    18 ||    60
Dodge: Dodged            |    95 |    39 ||   134
